 Dungeon Crawl Stone Soup version 0.14.0-17-gc0b17a5 (webtiles) character file.

569 Kae the Ruinous (level 7, -2/36 HPs)
             Began as a Tengu Fire Elementalist on Apr 18, 2014.
             Killed from afar by an orc wizard (9 damage)
             ... with a puff of frost
             ... on Level 3 of the Dungeon.
             The game lasted 00:09:10 (4721 turns).

Kae the Ruinous (Tengu Fire Elementalist)           Turns: 4721, Time: 00:09:11

HP  -2/36        AC  2     Str  8      XL: 7   Next:  9%
MP  14/17        EV 12     Int 18      God:
Gold 98          SH  0     Dex 14      Spells:  3 memorised,  7 levels left

rFire  . . .     SeeInvis .     m - +2 mace (crush)
rCold  . . .     Clarity  .     a - +0 robe
rNeg   . . .     Conserve .     (no shield)
rPois  .         rCorr    .     (helmet restricted)
rElec  .         rRot     .     (no cloak)
SustAb . .       Spirit   .     (no gloves)
rMut   .         Warding  .     (boots unavailable)
Saprov . . .     Stasis   .     (no amulet)
MR     .....                    (no ring)
                                (no ring)

@: not resistant to hostile enchantments, fairly stealthy
A: able to fly, beak, talons 3
a: Fly


You were on level 3 of the Dungeon.
You were hungry.

You visited 1 branch of the dungeon, and saw 4 of its levels.

You collected 98 gold pieces.

Inventory:

Hand weapons
 d - a +0,+1 flail of crushing
 m - a +2,+2 mace of crushing (weapon)
Missiles
 q - 8 tomahawks (quivered)
Armour
 a - a +0 robe (worn)
Comestibles
 c - 4 bread rations
 f - 4 meat rations
 v - a banana
Scrolls
 h - 8 scrolls of identify {unknown}
 j - 2 scrolls of fear {unknown}
 k - a scroll of amnesia {unknown}
 l - a scroll of enchant armour {unknown}
 n - 2 scrolls of random uselessness {unknown}
 p - 2 scrolls of teleportation {unknown}
 s - a scroll of noise {unknown}
 u - 2 scrolls of recharging {unknown}
Jewellery
 o - an uncursed amulet of guardian spirit {unknown}
 t - an uncursed ring of protection from fire {unknown}
Potions
 e - 4 potions of curing {unknown}
 g - 3 potions of restore abilities {unknown}
 i - 5 potions of heal wounds {unknown}
 r - a potion of magic {unknown}
Books
 b - a book of Flames

   Spells                             Type                      Level
   *Flame Tongue                      Conjuration/Fire             1
   *Throw Flame                       Conjuration/Fire             2
   *Conjure Flame                     Conjuration/Fire             3
   Inner Flame                        Hexes/Fire                   3
   Sticky Flame                       Conjuration/Fire             4
   Fireball                           Conjuration/Fire             5


   Skills:
 - Level 2.1 Dodging
 - Level 2.0 Stealth
 + Level 3.5 Spellcasting
 * Level 6.1 Conjurations
 * Level 5.8 Fire Magic


You had 7 spell levels left.
You knew the following spells:

 Your Spells              Type           Power        Failure   Level  Hunger
a - Flame Tongue          Conj/Fire      ###..        1%          1    None
b - Throw Flame           Conj/Fire      ###...       1%          2    ##.....
c - Conjure Flame         Conj/Fire      ###.....     4%          3    ###....


Dungeon Overview and Level Annotations

Branches:
Dungeon (4/15)
 Temple: D:4-7

Altars:
Kikubaaqudgha
The Shining One

Annotations:
D:4 Grinder


Innate Abilities, Weirdness & Mutations

You can fly.
You have a beak for a mouth.
You have claws for feet.


Message History

Confirm with . or Enter, or press ? or * to list all spells.
Aiming: Flame Tongue
Press: ? - help, Shift-Dir - straight line, f/p - kobold
Aim: a kobold, wielding a dagger The flame tongue misses the kobold.
The orc wizard casts a spell at you. The puff of flame hits you!
* * * LOW HITPOINT WARNING * * *
The kobold hits you with a dagger.
* * * LOW HITPOINT WARNING * * *
Casting: Flame Tongue
Confirm with . or Enter, or press ? or * to list all spells.
Aiming: Flame Tongue
Press: ? - help, Shift-Dir - straight line, f/p - kobold
Aim: a kobold, wielding a dagger The flame tongue hits the kobold.
You kill the kobold!
The orc wizard points at you and mumbles some strange words.
The puff of frost hits you!
You die...

########.####.##.##### ##
#.##.#.##.#...# #.
###.##..[...#...# #.
#....#.#.####)..# #.
#.####.#.#.##...# #. #.#
##..........# #.
#.###.##.#....### #.
############.....#..#....#######.
.........)......@).......'.......
################o#..#....########
#...<....)..)..#.####.####...#
#.##.#########........####...####
#.##.#.#.# #....##.....'......)
#.##.#...# #....##.#####..[####
#....#.#.#####....##.# #.......
...###.#..........##.# #...##..
##.# #.########...##.# #...##..


You could see an orc wizard.

Vanquished Creatures
  The ghost of Medar the Cutter, an average HaHe of Elyvilon (D:3)
  An orc priest (D:3)
  An orc wizard (D:3)
  Ijyb (D:3)
  8 adders
  3 gnolls
  2 worms
  A giant mite (D:2)
  An orc skeleton (D:4)
  A giant eyeball (D:4)
  4 giant geckos
  8 orcs (D:3)
  A ball python (D:3)
  6 bats
  7 giant cockroaches
  18 goblins
  11 hobgoblins
  4 jackals (D:4)
  3 kobolds
  5 quokkas
  6 giant newts
  5 rats
98 creatures vanquished.

Vanquished Creatures (others)
  A human (D:2)
1 creature vanquished.

Grand Total: 99 creatures vanquished

Notes
Turn   | Place    | Note
--------------------------------------------------------------
     0 | D:1      | Kae, the Tengu Fire Elementalist, began the quest for the Orb.
     0 | D:1      | Reached XP level 1. HP: 10/10 MP: 3/3
   110 | D:1      | Reached XP level 2. HP: 6/15 MP: 0/5
  1091 | D:2      | Reached XP level 3. HP: 16/19 MP: 2/7
  1383 | D:2      | Reached skill level 4 in Fire Magic
  1431 | D:2      | Reached XP level 4. HP: 18/24 MP: 6/9
  1515 | D:2      | Learned a level 2 spell: Throw Flame
  1519 | D:2      | Learned a level 3 spell: Conjure Flame
  1863 | D:2      | Reached XP level 5. HP: 28/28 MP: 7/11
  2073 | D:2      | Found an ancient bone altar of Kikubaaqudgha.
  2074 | D:2      | Noticed a human
  2077 | D:2      | Killed a human
  2574 | D:3      | Noticed Medar's ghost (average HaHe)
  2711 | D:3      | Killed Medar's ghost
  2711 | D:3      | Reached skill level 5 in Conjurations
  2711 | D:3      | Reached skill level 5 in Fire Magic
  2711 | D:3      | Reached XP level 6. HP: 27/32 MP: 6/15
  3238 | D:3      | Noticed Ijyb
  3245 | D:3      | Killed Ijyb
  3693 | D:3      | Reached XP level 7. HP: 13/36 MP: 14/17
  3722 | D:3      | Reached skill level 6 in Conjurations
  4065 | D:3      | Found a glowing golden altar of the Shining One.
  4338 | D:4      | Noticed Grinder
  4721 | D:3      | Killed from afar by an orc wizard

Action                   |  1- 3 |  4- 6 |  7- 9 || total
-------------------------+-------+-------+-------++-------
Melee: Unarmed           |    34 |       |       ||    34
       Mace              |     6 |    61 |    13 ||    80
 Cast: Flame Tongue      |    39 |    63 |    18 ||   120
       Throw Flame       |       |     8 |     7 ||    15
       Conjure Flame     |       |     4 |       ||     4
  Use: Potion            |       |     1 |       ||     1
 Stab: Sleeping          |     1 |     2 |       ||     3
       Invisible         |       |     1 |       ||     1
